TOP OF THE 1ST |
Myrtle Beach Pelicans batting - Pitching for Clearwater Threshers : RHP Caden Lemons
|
Pitching: RHP Caden Lemons
|
|
Batting: LHB Christian Andrade
|
0-0: Called Strike 0-1: Swinging Strike 0-2: Ball 1-2: Ball 2-2: Strikes out swinging
|
Batting: RHB Ranfy Adon
|
0-0: Called Strike 0-1: Swinging Strike 0-2: Ball 1-2: Strikes out swinging
|
Batting: RHB D.J. Neal
|
0-0: Called Strike 0-1: Foul Ball, location: 2F 0-2: Ball 1-2: Ground out 6-3 (Groundball, 6M)
|
Top of the 1st over - 0 runs, 0 hits, 0 errors, 0 left on base; Myrtle Beach 0 - Clearwater 0 |
BOTTOM OF THE 1ST |
Clearwater Threshers batting - Pitching for Myrtle Beach Pelicans : RHP Endry Manrique
|
Pitching: RHP Endry Manrique
|
|
Batting: SHB Blake Perkins
|
0-0: Called Strike 0-1: Ball 1-1: Ground out 4-3 (Groundball, 4M)
|
Batting: LHB Brian C. Miller
|
0-0: Ball 1-0: Called Strike 1-1: SINGLE (Groundball, 6MD)
|
Batting: RHB Carlos Rincon
|
0-0: Called Strike 0-1: Ball 1-1: Ball 2-1: Grounds into double play, 1-6-3 (Groundball, 13)
|
Bottom of the 1st over - 0 runs, 1 hit, 0 errors, 0 left on base; Myrtle Beach 0 - Clearwater 0 |
TOP OF THE 2ND |
Myrtle Beach Pelicans batting - Pitching for Clearwater Threshers : RHP Caden Lemons
|
Batting: RHB Andres Santana
|
0-0: Ball 1-0: Ball 2-0: Bunt for hit - play at first, batter OUT! 2-3
|
Batting: SHB Jhan Polanco
|
0-0: Called Strike 0-1: Ball 1-1: Foul Ball, location: 2F 1-2: Foul Ball, location: 2F 1-2: Ball 2-2: Fly out, F9 (Flyball, 9)
|
Batting: RHB Osiris Castillo
|
0-0: Ball 1-0: Ball 2-0: Fly out, F8 (Flyball, 8LD)
|
Top of the 2nd over - 0 runs, 0 hits, 0 errors, 0 left on base; Myrtle Beach 0 - Clearwater 0 |
BOTTOM OF THE 2ND |
Clearwater Threshers batting - Pitching for Myrtle Beach Pelicans : RHP Endry Manrique
|
Batting: LHB Isranel Wilson
|
0-0: Foul Ball, location: 2F 0-1: Ground out U3 (Groundball, 3)
|
Batting: RHB Travis Jones
|
0-0: Ball 1-0: Ball 2-0: Called Strike 2-1: Ball 3-1: Ground out 6-3 (Groundball, 6)
|
Batting: RHB Jason Pineda
|
0-0: Ball 1-0: Called Strike 1-1: Foul Ball, location: 2F 1-2: Ball 2-2: Ground out 6-3 (Groundball, 6S)
|
Bottom of the 2nd over - 0 runs, 0 hits, 0 errors, 0 left on base; Myrtle Beach 0 - Clearwater 0 |
TOP OF THE 3RD |
Myrtle Beach Pelicans batting - Pitching for Clearwater Threshers : RHP Caden Lemons
|
Batting: RHB Julio Carreras
|
0-0: Ball 1-0: Fly out, F8 (Line Drive, 8LM)
|
Batting: RHB Luis F. Castillo
|
0-0: Ball 1-0: Called Strike 1-1: Foul Ball, location: 2F 1-2: Strikes out swinging
|
Batting: RHB Joerlin De Los Santos
|
0-0: Called Strike 0-1: SINGLE (Line Drive, 89M)
|
Batting: LHB Christian Andrade
|
0-0: Ball 1-0: Called Strike Joerlin De Los Santos steals 2nd base 1-1: Called Strike 1-2: Ball 2-2: Strikes out swinging
|
Top of the 3rd over - 0 runs, 1 hit, 0 errors, 1 left on base; Myrtle Beach 0 - Clearwater 0 |
BOTTOM OF THE 3RD |
Clearwater Threshers batting - Pitching for Myrtle Beach Pelicans : RHP Endry Manrique
|
Now at SS: Nelson Roberto
|
|
Batting: SHB Frank Herrera
|
0-0: Ground out 4-3 (Groundball, 4)
|
Batting: RHB Oswaldo Garcia
|
0-0: Called Strike 0-1: Ball 1-1: SINGLE (Line Drive, 78S)
|
Batting: RHB Adonis Santos
|
0-0: Ball 1-0: Foul Ball, location: 2F 1-1: Ball 2-1: Grounds into double play, 5-4-3 (Groundball, 56S)
|
Bottom of the 3rd over - 0 runs, 1 hit, 0 errors, 0 left on base; Myrtle Beach 0 - Clearwater 0 |
TOP OF THE 4TH |
Myrtle Beach Pelicans batting - Pitching for Clearwater Threshers : RHP Caden Lemons
|
Batting: RHB Ranfy Adon
|
0-0: Ball 1-0: Ball 2-0: Foul Ball, location: 2F 2-1: Ground out 1-3 (Groundball, 13S)
|
Batting: RHB D.J. Neal
|
0-0: Called Strike 0-1: Foul Ball, location: 2F 0-2: Strikes out looking
|
Batting: RHB Andres Santana
|
0-0: Ball 1-0: Ground out 5-3 (Groundball, 56S)
|
Top of the 4th over - 0 runs, 0 hits, 0 errors, 0 left on base; Myrtle Beach 0 - Clearwater 0 |
BOTTOM OF THE 4TH |
Clearwater Threshers batting - Pitching for Myrtle Beach Pelicans : RHP Endry Manrique
|
Batting: SHB Blake Perkins
|
0-0: Ball 1-0: Called Strike 1-1: SINGLE (Line Drive, 8LS)
|
Batting: LHB Brian C. Miller
|
0-0: Ball 1-0: Ball 2-0: DOUBLE (Line Drive, 7LS) Blake Perkins to third
|
Batting: RHB Carlos Rincon
|
0-0: Called Strike 0-1: Ball 1-1: Ball 2-1: Foul Ball, location: 2F 2-2: Ball 3-2: DOUBLE (Line Drive, 7LM) Blake Perkins scores Brian C. Miller scores
|
Batting: LHB Isranel Wilson
|
0-0: Ball 1-0: Swinging Strike 1-1: Foul Ball, location: 2F 1-2: Strikes out swinging
|
Batting: RHB Travis Jones
|
0-0: Ball 1-0: Ball 2-0: Swinging Strike 2-1: Called Strike 2-2: Strikes out looking
|
Batting: RHB Jason Pineda
|
0-0: Reached on error, E6 (Line Drive, 6) Carlos Rincon to third
|
Batting: SHB Frank Herrera
|
0-0: Ball 1-0: Ball 2-0: Foul Ball, location: 2F 2-1: Foul Ball, location: 2F 2-2: Ball 3-2: Foul Ball, location: 2F 3-2: Ground out U3 (Groundball, 34S)
|
Bottom of the 4th over - 2 runs, 3 hits, 1 error, 2 left on base; Myrtle Beach 0 - Clearwater 2 |
TOP OF THE 5TH |
Myrtle Beach Pelicans batting - Pitching for Clearwater Threshers : RHP Caden Lemons
|
Batting: SHB Jhan Polanco
|
0-0: Ball 1-0: Foul Ball, location: 2F 1-1: Fly out, F8 (Line Drive, 8RM)
|
Batting: RHB Nelson Roberto
|
0-0: Ball 1-0: Swinging Strike 1-1: Called Strike 1-2: Ball 2-2: Ball 3-2: Strikes out looking
|
Batting: RHB Julio Carreras
|
0-0: Called Strike 0-1: Called Strike 0-2: Ball 1-2: Strikes out swinging
|
Top of the 5th over - 0 runs, 0 hits, 0 errors, 0 left on base; Myrtle Beach 0 - Clearwater 2 |
BOTTOM OF THE 5TH |
Clearwater Threshers batting - Pitching for Myrtle Beach Pelicans : RHP Endry Manrique
|
Batting: RHB Oswaldo Garcia
|
0-0: Swinging Strike 0-1: Ball 1-1: Called Strike 1-2: Strikes out looking
|
Batting: RHB Adonis Santos
|
0-0: Ball 1-0: Ball 2-0: Ball 3-0: Base on Balls
|
Batting: SHB Blake Perkins
|
0-0: Called Strike Adonis Santos is caught stealing 2nd base 0-1: Called Strike 0-2: Ball 1-2: Ball 2-2: Ground out 4-3 (Groundball, 4)
|
Bottom of the 5th over - 0 runs, 0 hits, 0 errors, 0 left on base; Myrtle Beach 0 - Clearwater 2 |
TOP OF THE 6TH |
Myrtle Beach Pelicans batting - Pitching for Clearwater Threshers : RHP Caden Lemons
|
Batting: RHB Luis F. Castillo
|
0-0: Called Strike 0-1: Ground out 6-3 (Groundball, 6)
|
Batting: RHB Joerlin De Los Santos
|
0-0: Called Strike 0-1: Foul Ball, location: 2F 0-2: Strikes out swinging
|
Batting: LHB Christian Andrade
|
0-0: Ball 1-0: Called Strike 1-1: Ball 2-1: Fly out, F7 (Flyball, 7S)
|
Top of the 6th over - 0 runs, 0 hits, 0 errors, 0 left on base; Myrtle Beach 0 - Clearwater 2 |
BOTTOM OF THE 6TH |
Clearwater Threshers batting - Pitching for Myrtle Beach Pelicans : RHP Endry Manrique
|
Batting: LHB Brian C. Miller
|
0-0: Fly out, F9 (Flyball, 9D)
|
Batting: RHB Carlos Rincon
|
0-0: Ball 1-0: Foul Ball, location: 2F 1-1: Foul Ball, location: 2F 1-2: Ground out 4-3 (Groundball, 6M)
|
Batting: LHB Isranel Wilson
|
0-0: Ground out 6-3 (Groundball, 6)
|
Bottom of the 6th over - 0 runs, 0 hits, 0 errors, 0 left on base; Myrtle Beach 0 - Clearwater 2 |
TOP OF THE 7TH |
Myrtle Beach Pelicans batting - Pitching for Clearwater Threshers : RHP Caden Lemons
|
Batting: RHB Ranfy Adon
|
0-0: Fly out, F7 (Flyball, 78D)
|
Batting: RHB D.J. Neal
|
0-0: Ball 1-0: Ball 2-0: Fly out, F5 (Line Drive, 5)
|
Batting: RHB Andres Santana
|
0-0: DOUBLE (Line Drive, 78D)
|
Batting: SHB Jhan Polanco
|
0-0: Called Strike 0-1: Foul Ball, location: 2F 0-2: Ball 1-2: Ball 2-2: Ground out 1-3 (Groundball, 25)
|
Top of the 7th over - 0 runs, 1 hit, 0 errors, 1 left on base; Myrtle Beach 0 - Clearwater 2 |
BOTTOM OF THE 7TH |
Clearwater Threshers batting - Pitching for Myrtle Beach Pelicans : RHP Endry Manrique
|
Batting: RHB Travis Jones
|
0-0: Ball 1-0: Ball 2-0: Called Strike 2-1: Called Strike 2-2: SINGLE (Groundball, 56D)
|
Pitching: RHP Ofreidy Gomez
|
|
Batting: RHB Jason Pineda
|
0-0: Sac Bunt - play at first, batter OUT! 1-3 Travis Jones to second
|
Batting: SHB Frank Herrera
|
0-0: Called Strike Travis Jones is caught stealing 3rd base 0-1: Called Strike 0-2: Ball 1-2: Foul Ball, location: 2F 1-2: Foul Ball, location: 2F 1-2: Ball 2-2: Foul Ball, location: 2F 2-2: Ball 3-2: Foul Ball, location: 2F 3-2: Base on Balls
|
Batting: RHB Oswaldo Garcia
|
0-0: Called Strike 0-1: Ball 1-1: Called Strike 1-2: Foul Ball, location: 2F 1-2: Strikes out swinging, 2-3 out at first.
|
Bottom of the 7th over - 0 runs, 1 hit, 0 errors, 1 left on base; Myrtle Beach 0 - Clearwater 2 |
TOP OF THE 8TH |
Myrtle Beach Pelicans batting - Pitching for Clearwater Threshers : RHP Caden Lemons
|
Batting: RHB Nelson Roberto
|
0-0: Called Strike 0-1: Called Strike 0-2: Foul Ball, location: 2F 0-2: Fly out, F7 (Line Drive, 7)
|
Batting: RHB Julio Carreras
|
0-0: Swinging Strike 0-1: Called Strike 0-2: Strikes out looking
|
Batting: RHB Luis F. Castillo
|
0-0: Foul Ball, location: 2F 0-1: Fly out, F9 (Flyball, 9LS)
|
Top of the 8th over - 0 runs, 0 hits, 0 errors, 0 left on base; Myrtle Beach 0 - Clearwater 2 |
BOTTOM OF THE 8TH |
Clearwater Threshers batting - Pitching for Myrtle Beach Pelicans : RHP Ofreidy Gomez
|
Batting: RHB Adonis Santos
|
0-0: Called Strike 0-1: Ball 1-1: SINGLE (Flyball, 8LS)
|
Batting: SHB Blake Perkins
|
0-0: Swinging Strike 0-1: Called Strike 0-2: Ball 1-2: Strikes out swinging
|
Batting: LHB Brian C. Miller
|
0-0: Swinging Strike 0-1: Foul Ball, location: 2F 0-2: Grounds into double play, 4-6-3 (Groundball, 4)
|
Bottom of the 8th over - 0 runs, 1 hit, 0 errors, 0 left on base; Myrtle Beach 0 - Clearwater 2 |
TOP OF THE 9TH |
Myrtle Beach Pelicans batting - Pitching for Clearwater Threshers : RHP Caden Lemons
|
Pitching: RHP J.D. Hammer
|
|
Batting: RHB Joerlin De Los Santos
|
0-0: Ball 1-0: Fly out, F7 (Flyball, 78S)
|
Batting: LHB Christian Andrade
|
0-0: Foul Ball, location: 2F 0-1: Swinging Strike 0-2: Ball 1-2: Foul Ball, location: 2F 1-2: Fly out, F8 (Flyball, 8RS)
|
Batting: RHB Ranfy Adon
|
0-0: Called Strike 0-1: Ball 1-1: Ball 2-1: Called Strike 2-2: Foul Ball, location: 2F 2-2: Strikes out swinging
|
Top of the 9th over - 0 runs, 0 hits, 0 errors, 0 left on base; Myrtle Beach 0 - Clearwater 2 |
|